 Dungeon Crawl Stone Soup version 0.31-a0-259-g771a54ca4b (webtiles) character file.

Game seed: 13466195158417251879

534 qw the Shooter (level 7, -10/44 HPs)
             Began as a Gargoyle Hexslinger on July 13, 2023.
             Mangled by an ogre
             ... wielding a +0 giant club
              (17 damage)
             ... on level 4 of the Dungeon.
             The game lasted 00:01:18 (2931 turns).

qw the Shooter (Gargoyle Hexslinger)                Turns: 2931, Time: 00:01:18

Health: -10/44     AC: 10    Str: 11    XL:     7   Next: 25%
Magic:  8/8        EV: 10    Int: 14    God:
Gold:   174        SH:  0    Dex: 14    Spells: 7/8 levels left

rFire   . . .        Y - +2 sling
rCold   . . .        (no shield)
rNeg    + . .        e - +0 ring mail
rPois   inf          (no helmet)
rElec   +            (no cloak)
rCorr   .            (no gloves)
SInv    .            (no boots)
Will    .....        (no amulet)
Stlth   +            (no ring)
HPRegen 0.27/turn    (no ring)
MPRegen 0.11/turn

%: no passive effects
@: no status effects
A: sickness immunity, AC +4, negative energy resistance 1, electricity
resistance, torment resistance 1, petrification resistance
a: no special abilities


You were on level 4 of the Dungeon.
You visited 1 branch of the dungeon, and saw 4 of its levels.

You collected 174 gold pieces.


Innate Abilities, Weirdness & Mutations

You are immune to sickness and miasma.
Your stone body is resilient. (AC +4)
You are immune to poison.
You resist negative energy. (rN+)
You are resistant to electric shocks. (rElec)
You are resistant to unholy torment.
You are immune to petrification.


   Skills:
 - Level 4.5 Fighting
 + Level 6.3 Ranged Weapons
 - Level 1.3 Armour
 - Level 1.5 Dodging
 - Level 1.0 Spellcasting
 - Level 2.6 Hexes


You had 7 spell levels left.
You knew the following spells:

 Your Spells              Type           Power      Damage    Failure   Level
a - Slow                  Hex            32%        N/A       21%         1

Your spell library contained the following spells:

 Spells                   Type           Power      Damage    Failure   Level
 Inner Flame              Hex/Fire       4%         N/A       71%         3
 Portal Projectile        Hex/Tloc       8%         N/A       71%         3
 Cause Fear               Hex            4%         N/A       90%         4

Inventory:

Hand Weapons
 Y - a +2 sling (weapon)
Armour
 b - a +1 cloak
 e - a +0 ring mail (worn)
Scrolls
 f - 4 scrolls of identify
Potions
 a - a potion of degeneration {unknown}
 c - a potion of berserk rage {unknown}
 g - a potion of mutation {unknown}
 h - 3 potions of curing
 i - a potion of haste {unknown}
 j - a potion of attraction {unknown}

Dungeon Overview and Level Annotations

Branches:
Dungeon (4/15)
 Temple: D:4-7

Altars:


Message History

You shoot a sling bullet. The sling bullet hits the ogre.
The ogre is severely wounded.
The gnoll hits you but does no damage. The ogre barely misses you.
The gnoll sergeant hits you but does no damage.
You shoot a sling bullet. The sling bullet hits the ogre.
The ogre is severely wounded.
The gnoll hits you with a +0 flail!
The gnoll sergeant hits you from afar with a +0 trident.
An orc comes into view. It is wielding a +0 hand axe.
The ogre barely misses you.
2926 ||| DRINKING 2 potions of heal wounds.
You feel much better. The gnoll barely misses you.
The gnoll sergeant barely misses you.
You shoot a sling bullet.
The sling bullet closely misses the ogre.
The gnoll hits you but does no damage. The ogre hits you with a +0 giant club.
The gnoll sergeant hits you from afar with a +0 trident.
The gnoll barely misses you. The gnoll sergeant barely misses you.
A gnoll comes into view. It is wielding a +0 flail.
You shoot a sling bullet. The sling bullet hits the ogre.
The ogre is almost dead.
You hear a shout!
The ogre hits you with a +0 giant club! The gnoll hits you with a +0 flail!
The gnoll sergeant hits you from afar with a +0 trident.
2929 ||| DRINKING potion of heal wounds.
You feel much better.
The ogre hits you with a +0 giant club!!
The gnoll sergeant misses you.
You shoot a sling bullet. The sling bullet hits the ogre.
The ogre is almost dead.
You hear a shout!
The gnoll barely misses you.
The gnoll sergeant hits you but does no damage.
An orc wizard comes into view. It is wielding a +0 dagger.
The orc hits you but does no damage.
You shoot a sling bullet.
The sling bullet barely misses the ogre.
The orc wizard shouts!
The ogre hits you with a +0 giant club!
You die...

#.# #.# .# #.# o#
####.##### .# #........#
.+ # '........# .###.##
#........########g.....#
#........#......Oo......
#.......%.......@gg...#
#....................##
#########........#####
#.......########
#.####### #.# #.# #.#
#.#


You could see an ogre, a gnoll sergeant, an orc wizard, 2 gnolls and an orc.

Vanquished Creatures
  Sigmund (D:2)
  3 scorpions
  A hound (D:4)
  Jessica (D:2)
  Terence (D:3)
  An orc wizard (D:3)
  2 adders
  3 dart slugs
  6 orcs
  3 ball pythons
  4 bats
  5 endoplasms
  6 giant cockroaches
  3 goblins
  10 hobgoblins
  3 jackals (D:1)
  2 quokkas
  4 frilled lizards
  4 kobolds
  5 rats
68 creatures vanquished.

Notes
Turn   | Place    | Note
-------+----------+-------------------------------------------
     0 | D:1      | qw the Gargoyle Hexslinger began the quest for the Orb.
     0 | D:1      | Reached XP level 1. HP: 12/12 MP: 2/2
     0 | D:1      | 0 ||| qw: Version: 0.3-a-52-g30416fa
     0 | D:1      | 0 ||| qw: Game counter: 6896
     0 | D:1      | 0 ||| qw: Melee chars always use a shield: true
     0 | D:1      | 0 ||| qw: God list: Okawaru
     0 | D:1      | 0 ||| qw: Allow faded altars: false
     0 | D:1      | 0 ||| qw: Do Orc after clearing Dungeon:15 true
     0 | D:1      | 0 ||| qw: Do second Lair branch before Depths: true
     0 | D:1      | 0 ||| qw: Lair rune preference: random
     0 | D:1      | 0 ||| qw: Goals: Normal
     0 | D:1      | 0 ||| PLANNING D:1-11
   101 | D:1      | Reached XP level 2. HP: 11/16 MP: 3/3
   235 | D:1      | Reached skill level 3 in Ranged Weapons
   409 | D:1      | Reached XP level 3. HP: 18/21 MP: 4/4
   833 | D:1      | 833 ||| DROPPING +6 ring of intelligence.
   834 | D:1      | 834 ||| READING scroll labelled KOPIAN CIOZUU.
   835 | D:1      | 835 ||| READING 2 scrolls labelled PURUUM VEZO.
   836 | D:1      | 836 ||| READING scroll labelled MAUSUA GEURIBE.
   837 | D:1      | 837 ||| DRINKING 2 sapphire potions.
   838 | D:1      | 838 ||| DROPPING scroll of poison.
   839 | D:1      | 839 ||| DROPPING scroll of vulnerability.
   997 | D:2      | Noticed Jessica
   999 | D:2      | 999 ||| FLEEEEING.
  1000 | D:2      | 1000 ||| FLEEEEING.
  1004 | D:2      | Killed Jessica
  1005 | D:2      | Reached skill level 4 in Ranged Weapons
  1005 | D:2      | Reached XP level 4. HP: 19/26 MP: 5/5
  1318 | D:2      | Found a faded altar of an unknown god.
  1416 | D:2      | Noticed Sigmund
  1432 | D:2      | Killed Sigmund
  1433 | D:2      | Reached skill level 6 in Ranged Weapons
  1433 | D:2      | Reached XP level 5. HP: 11/30 MP: 6/6
  1433 | D:2      | Reached XP level 6. HP: 13/35 MP: 7/7
  1734 | D:2      | 1734 ||| UPGRADING to +0 ring mail.
  1744 | D:2      | 1744 ||| DROPPING +0 robe.
  1745 | D:2      | 1745 ||| READING scroll labelled JIUZOP VOGEL.
  1746 | D:2      | 1746 ||| READING scroll labelled WACLUT XUHO.
  1747 | D:2      | 1747 ||| READING scroll labelled NIPHUH VAISITOB.
  1748 | D:2      | 1748 ||| DRINKING 2 lumpy pink potions.
  2023 | D:3      | 2023 ||| FLEEEEING.
  2024 | D:3      | 2024 ||| FLEEEEING.
  2025 | D:3      | 2025 ||| FLEEEEING.
  2036 | D:3      | 2036 ||| FLEEEEING.
  2050 | D:3      | Reached skill level 1 in Armour
  2098 | D:3      | Noticed Terence
  2107 | D:3      | Killed Terence
  2237 | D:3      | Reached skill level 3 in Fighting
  2576 | D:3      | 2576 ||| READING scroll labelled WEUCKYA EWEUS.
  2577 | D:3      | 2577 ||| READING scroll labelled PUP US KEGI.
  2703 | D:4      | Reached XP level 7. HP: 42/44 MP: 8/8
  2925 | D:4      | HP: 11/44 [gnoll sergeant/+0 trident (3)]
  2926 | D:4      | 2926 ||| DRINKING 2 potions of heal wounds.
  2929 | D:4      | 2929 ||| DRINKING potion of heal wounds.
  2931 | D:4      | Mangled by an ogre

Levels and vault maps discovered:
D:1:      denvon_arrival_planthouse, layout_basic, lemuel_flame_loot_1
D:2:      layout_basic, shapermc_ecumenical_altar_mp_ritualfount, uniq_sigmund,
          uniq_jessica
D:3:      layout_loops_ring, uniq_terence
D:4:      layout_basic

Skill      XL: |  1  2  3  4  5  6 |
---------------+-------------------+-----
Ranged Weapons | 3 4 6 |  6.3
Fighting       | 2 4 |  4.5
Armour         | 1 |  1.3
Dodging        | |  1.5
Spellcasting   | |  1.0
Hexes          | |  2.6

Action                     |  1- 3 |  4- 6 |  7- 9 || total
---------------------------+-------+-------+-------++-------
   Fire: Sling             |   119 |   163 |    40 ||   322
    Use: Scroll            |     3 |     5 |       ||     8
         Potion            |     1 |     1 |     2 ||     4
 Armour: Robe              |    18 |     2 |       ||    20
         Ring mail         |       |    38 |    14 ||    52
  Dodge: Dodged            |    36 |    37 |    30 ||   103

Table legend:
 A = Non-vault XP
 B = Vault XP
 C = Vault XP percentage of total XP
 D = Non-vault monster count
 E = Vault monster count
 F = Vault count percentage of total count
                 A         B        C        D         E       F
            +---------+---------+-------+---------+---------+-------
      Total |     459 |     304 |  39.8 |      65 |       3 |   4.4
            +---------+---------+-------+---------+---------+-------
        D:1 |      49 |       0 |   0.0 |      28 |       0 |   0.0
        D:2 |      33 |     268 |  89.0 |      10 |       2 |  16.7
        D:3 |     165 |      36 |  17.9 |      21 |       1 |   4.5
        D:4 |     212 |       0 |   0.0 |       6 |       0 |   0.0
            +---------+---------+-------+---------+---------+-------
